PIO (24 & UNDER)
SEATTLE RAINIERS @ EAU CLAIRE ESQUIRES
05/08/2027
 
TOP OF THE 1ST
Seattle Rainiers batting - Pitching for Eau Claire Esquires : RHP César Sánchez
Pitching: RHP César Sánchez
Batting: RHB José Vidal 0-0: Ground out 5-3 (Groundball, 56S)
Batting: RHB Jorge Colón 0-0: Ball
1-0: Swinging Strike
1-1: Called Strike
1-2: Foul Ball, location: 2F
1-2: Reached on error, E6 (Groundball, 6)
Batting: LHB Carlos Valentín 0-0: Ball
1-0: Swinging Strike
1-1: Called Strike
1-2: Fly out, F8 (Flyball, 8LM)
Batting: RHB John Hill 0-0: Swinging Strike
0-1: Foul Ball, location: 2F
0-2: Ball
Jorge Colón is caught stealing 2nd base
Top of the 1st over - 0 run(s), 0 hit(s), 1 error(s), 0 left on base; Seattle 0 - Eau Claire 0
BOTTOM OF THE 1ST
Eau Claire Esquires batting - Pitching for Seattle Rainiers : RHP Lúcio Feliciano
Pitching: RHP Lúcio Feliciano
Batting: RHB Terry Perkins 0-0: Ball
1-0: Called Strike
1-1: Ball
2-1: Ball
3-1: Ground out 1-3 (Groundball, P)
Batting: LHB Johnny Foley 0-0: Ball
1-0: Called Strike
1-1: Foul Ball, location: 2F
1-2: Fly out, F7 (Flyball, 7LSF)
Batting: RHB Eugenio Maldonado 0-0: Ball
1-0: Hit by Pitch
Batting: RHB Fernando Castellanos 0-0: Called Strike
0-1: Ball
1-1: Ball
2-1: Ball
3-1: Fly out, F8 (Flyball, 8RD)
Bottom of the 1st over - 0 run(s), 0 hit(s), 0 error(s), 1 left on base; Seattle 0 - Eau Claire 0
TOP OF THE 2ND
Seattle Rainiers batting - Pitching for Eau Claire Esquires : RHP César Sánchez
Batting: RHB John Hill 0-0: Ball
1-0: Called Strike
1-1: Ball
2-1: Called Strike
2-2: Foul Ball, location: 2F
2-2: Strikes out swinging
Batting: RHB Danny Spode 0-0: Ball
1-0: Foul Ball, location: 2F
1-1: Foul Ball, location: 2F
1-2: Fly out, F6 (Popup, 6D)
Batting: RHB Rodrigo García 0-0: Ball
1-0: Ball
2-0: Foul Ball, location: 2F
2-1: Foul Ball, location: 2F
2-2: Foul Ball, location: 2F
2-2: SOLO HOME RUN (Line Drive, 7D), Distance : 340 ft
Batting: LHB Alarico Sloet tot Everlo 0-0: Ball
1-0: Called Strike
1-1: Foul Ball, location: 2F
1-2: Ball
2-2: Strikes out looking
Top of the 2nd over - 1 run(s), 1 hit(s), 0 error(s), 0 left on base; Seattle 1 - Eau Claire 0
BOTTOM OF THE 2ND
Eau Claire Esquires batting - Pitching for Seattle Rainiers : RHP Lúcio Feliciano
Batting: SHB José Gonzáles 0-0: Swinging Strike
0-1: Ball
1-1: Ball
2-1: Ball
3-1: Called Strike
3-2: SINGLE (Groundball, 6S) (infield hit)
Batting: RHB Dave Anderson 0-0: Ball
1-0: 2-RUN HOME RUN (Flyball, 7D), Distance : 349 ft
Batting: SHB Eitor Carocha 0-0: Ground out U3 (Groundball, 3L)
Batting: RHB Vincente Ramírez 0-0: Foul Ball, location: 2F
0-1: Fly out, F9 (Flyball, 89M)
Batting: RHB Dennis Garner 0-0: Ball
1-0: Ground out 4-3 (Groundball, 4)
Bottom of the 2nd over - 2 run(s), 2 hit(s), 0 error(s), 0 left on base; Seattle 1 - Eau Claire 2
TOP OF THE 3RD
Seattle Rainiers batting - Pitching for Eau Claire Esquires : RHP César Sánchez
Batting: RHB José Romo 0-0: Ball
1-0: Foul Ball, location: 2F
1-1: Ball
2-1: Foul Ball, location: 2F
2-2: Ball
3-2: Foul Ball, location: 2F
3-2: SOLO HOME RUN (Flyball, 8LXD), Distance : 411 ft
Batting: RHB Jorge Álvarez 0-0: Ball
1-0: SINGLE (Groundball, 2L) (infield hit)
Batting: RHB José Vidal 0-0: Ball
1-0: Called Strike
1-1: Ball
2-1: Fly out, F4 (Line Drive, 34)
Batting: RHB Jorge Colón 0-0: Fly out, F7 (Flyball, 78M)
Batting: LHB Carlos Valentín 0-0: Ball
1-0: DOUBLE (Line Drive, 9LM)
Jorge Álvarez to third
Runner from 3rd tries for Home, SAFE, no throw
Batting: RHB John Hill 0-0: Foul Ball, location: 2F
0-1: Ball
1-1: Ball
2-1: Ball
3-1: Foul Ball, location: 2F
3-2: Strikes out swinging, 2-3 out at first.
Top of the 3rd over - 2 run(s), 3 hit(s), 0 error(s), 1 left on base; Seattle 3 - Eau Claire 2
BOTTOM OF THE 3RD
Eau Claire Esquires batting - Pitching for Seattle Rainiers : RHP Lúcio Feliciano
Batting: RHB Terry Perkins 0-0: Ball
1-0: Ground out 5-3 (Groundball, 5S)
Batting: LHB Johnny Foley 0-0: Fly out, F8 (Flyball, 78M)
Batting: RHB Eugenio Maldonado 0-0: Called Strike
0-1: Ball
1-1: Ball
2-1: Ball
3-1: Base on Balls
Batting: RHB Fernando Castellanos 0-0: Foul Ball, location: 2F
0-1: Foul Ball, location: 2F
0-2: Ball
1-2: Ball
2-2: Strikes out looking
Bottom of the 3rd over - 0 run(s), 0 hit(s), 0 error(s), 1 left on base; Seattle 3 - Eau Claire 2
TOP OF THE 4TH
Seattle Rainiers batting - Pitching for Eau Claire Esquires : RHP César Sánchez
Batting: RHB Danny Spode 0-0: Swinging Strike
0-1: Ball
1-1: Ball
2-1: Called Strike
2-2: Ball
3-2: Fly out, F7 (Line Drive, 7)
Batting: RHB Rodrigo García 0-0: Ball
1-0: Swinging Strike
1-1: Foul Ball, location: 2F
1-2: Strikes out swinging
Batting: LHB Alarico Sloet tot Everlo 0-0: Called Strike
0-1: Called Strike
0-2: Hit by Pitch
Batting: RHB José Romo 0-0: Ball
Alarico Sloet tot Everlo is caught stealing 2nd base
Top of the 4th over - 0 run(s), 0 hit(s), 0 error(s), 0 left on base; Seattle 3 - Eau Claire 2
BOTTOM OF THE 4TH
Eau Claire Esquires batting - Pitching for Seattle Rainiers : RHP Lúcio Feliciano
Batting: SHB José Gonzáles 0-0: Ground out 5-3 (Groundball, 56S)
Batting: RHB Dave Anderson 0-0: Ball
1-0: Called Strike
1-1: Ball
2-1: Swinging Strike
2-2: Strikes out swinging
Batting: SHB Eitor Carocha 0-0: Fly out, F7 (Flyball, 78M)
Bottom of the 4th over - 0 run(s), 0 hit(s), 0 error(s), 0 left on base; Seattle 3 - Eau Claire 2
TOP OF THE 5TH
Seattle Rainiers batting - Pitching for Eau Claire Esquires : RHP César Sánchez
Batting: RHB José Romo 0-0: Foul Ball, location: 2F
0-1: Foul Ball, location: 2F
0-2: Foul Ball, location: 2F
0-2: Foul Ball, location: 2F
0-2: Ball
1-2: Ball
2-2: Foul Ball, location: 2F
2-2: Ground out 4-3 (Groundball, 4)
Batting: RHB Jorge Álvarez 0-0: Ground out 6-3 (Groundball, 6MS)
Batting: RHB José Vidal 0-0: Ball
1-0: Foul Ball, location: 2F
1-1: Ball
2-1: Foul Ball, location: 2F
2-2: Foul Ball, location: 2F
2-2: Ball
3-2: Single, Error in OF, E7, batter to second base
Pitching: RHP Orsino Ortíz
Batting: RHB Jorge Colón 0-0: Called Strike
0-1: Swinging Strike
0-2: Strikes out swinging
Top of the 5th over - 0 run(s), 1 hit(s), 1 error(s), 1 left on base; Seattle 3 - Eau Claire 2
BOTTOM OF THE 5TH
Eau Claire Esquires batting - Pitching for Seattle Rainiers : RHP Lúcio Feliciano
Batting: RHB Vincente Ramírez 0-0: Ground out 1-3 (Groundball, 15S)
Batting: RHB Dennis Garner 0-0: SINGLE (Line Drive, 34)
Batting: RHB Terry Perkins 0-0: Ball
1-0: Ball
2-0: Foul Ball, location: 2F
2-1: Called Strike
2-2: Strikes out looking
Batting: LHB Johnny Foley 0-0: Ball
1-0: Ball
2-0: Ball
3-0: Called Strike
3-1: Fly out, F7 (Line Drive, 78D)
Bottom of the 5th over - 0 run(s), 1 hit(s), 0 error(s), 1 left on base; Seattle 3 - Eau Claire 2
TOP OF THE 6TH
Seattle Rainiers batting - Pitching for Eau Claire Esquires : RHP Orsino Ortíz
Batting: LHB Carlos Valentín 0-0: Ball
1-0: Swinging Strike
1-1: Ball
2-1: Ball
3-1: Swinging Strike
3-2: Strikes out swinging
Batting: RHB John Hill 0-0: Called Strike
0-1: Fly out, F9 (Flyball, 9S)
Batting: RHB Danny Spode 0-0: Ball
1-0: Swinging Strike
1-1: Foul Ball, location: 2F
1-2: Ball
2-2: Ball
3-2: Strikes out looking
Top of the 6th over - 0 run(s), 0 hit(s), 0 error(s), 0 left on base; Seattle 3 - Eau Claire 2
BOTTOM OF THE 6TH
Eau Claire Esquires batting - Pitching for Seattle Rainiers : RHP Lúcio Feliciano
Batting: RHB Eugenio Maldonado 0-0: Called Strike
0-1: Ball
1-1: Ball
2-1: Fly out, F8 (Flyball, 8RM)
Batting: RHB Fernando Castellanos 0-0: SINGLE (Line Drive, 7S)
Batting: SHB José Gonzáles 0-0: Ball
1-0: Ball
2-0: Ball
3-0: Base on Balls
Fernando Castellanos to second
Batting: RHB Dave Anderson 0-0: Swinging Strike
0-1: Foul Ball, location: 2F
0-2: SINGLE (Groundball, 4D)
Fernando Castellanos to third
José Gonzáles to second
Batting: SHB Eitor Carocha 0-0: Ball
1-0: SINGLE (Flyball, 7S)
Fernando Castellanos scores
José Gonzáles to third
Dave Anderson to second
Batting: RHB Vincente Ramírez 0-0: Grounds into fielders choice 1-2 (Groundball, 13S)
Dave Anderson to third
Eitor Carocha to second
Batting: RHB Dennis Garner 0-0: Ball
Passed Ball!
Dave Anderson scores
Eitor Carocha to third
Vincente Ramírez to second
1-0: Foul Ball, location: 2F
1-1: Fly out, F9 (Flyball, 9)
Bottom of the 6th over - 2 run(s), 3 hit(s), 0 error(s), 2 left on base; Seattle 3 - Eau Claire 4
TOP OF THE 7TH
Seattle Rainiers batting - Pitching for Eau Claire Esquires : RHP Orsino Ortíz
Batting: RHB Rodrigo García 0-0: Ball
1-0: Ball
2-0: Called Strike
2-1: Ball
3-1: Called Strike
3-2: Foul Ball, location: 2F
3-2: Base on Balls
Batting: LHB Alarico Sloet tot Everlo 0-0: Ball
1-0: Sac Bunt - play at first, batter OUT! 1-4
Rodrigo García to second
Pinch Hitting: LHB Kelsey Scott 0-0: Swinging Strike
0-1: Hit by Pitch
Pinch Hitting: SHB Eduardo Sánchez 0-0: Grounds into double play, 6-4-3 (Groundball, 6)
Top of the 7th over - 0 run(s), 0 hit(s), 0 error(s), 1 left on base; Seattle 3 - Eau Claire 4
BOTTOM OF THE 7TH
Eau Claire Esquires batting - Pitching for Seattle Rainiers : RHP Lúcio Feliciano
Now at 1B: Eduardo Sánchez
Now in CF: Tom Craft
Batting: RHB Terry Perkins 0-0: Ball
1-0: Ground out 1-3 (Groundball, 13)
Batting: LHB Johnny Foley 0-0: Ground out 4-3 (Groundball, 34)
Batting: RHB Eugenio Maldonado 0-0: Called Strike
0-1: Ball
1-1: Ball
2-1: Foul Ball, location: 2F
2-2: Ball
3-2: SINGLE (Line Drive, 78S)
Pitching: LHP Miguel Perea
Batting: RHB Fernando Castellanos 0-0: Called Strike
0-1: Ball
1-1: Foul Ball, location: 2F
1-2: Foul Ball, location: 2F
1-2: Ball
2-2: Ball
3-2: Base on Balls
Eugenio Maldonado to second
Pinch Hitting: RHB Nelson Castro 0-0: Ball
1-0: Hit by Pitch
Eugenio Maldonado to third
Fernando Castellanos to second
Batting: RHB Dave Anderson 0-0: Ball
1-0: SINGLE (Groundball, 34) (infield hit)
Eugenio Maldonado scores
Fernando Castellanos to third
Nelson Castro to second
Pinch Hitting: RHB Walter Brown 0-0: Ball
1-0: Ball
2-0: Called Strike
Balk!
Fernando Castellanos scores
Nelson Castro to third
Dave Anderson to second
2-1: Swinging Strike
2-2: Foul Ball, location: 2F
2-2: Ball
3-2: Strikes out looking
Bottom of the 7th over - 2 run(s), 2 hit(s), 0 error(s), 2 left on base; Seattle 3 - Eau Claire 6
TOP OF THE 8TH
Seattle Rainiers batting - Pitching for Eau Claire Esquires : RHP Orsino Ortíz
Now at 3B: Ramón Ybarra
Now in RF: Nelson Castro
Batting: RHB José Vidal 0-0: Ball
1-0: Foul Ball, location: 2F
1-1: Foul Ball, location: 2F
1-2: Foul Ball, location: 2F
1-2: Foul Ball, location: 2F
1-2: Ball
2-2: Ground out 6-3 (Groundball, 6)
Batting: RHB Jorge Colón 0-0: Called Strike
0-1: Called Strike
0-2: Strikes out looking
Batting: LHB Carlos Valentín 0-0: Called Strike
0-1: Ball
1-1: SINGLE (Groundball, 6MD)
Pitching: RHP Robinson Alomar
Batting: RHB John Hill 0-0: Called Strike
0-1: Ball
1-1: Called Strike
1-2: Hit by Pitch
Carlos Valentín to second
Batting: RHB Danny Spode 0-0: Ball
1-0: Fly out, F7 (Flyball, 7S)
Top of the 8th over - 0 run(s), 1 hit(s), 0 error(s), 2 left on base; Seattle 3 - Eau Claire 6
BOTTOM OF THE 8TH
Eau Claire Esquires batting - Pitching for Seattle Rainiers : LHP Miguel Perea
Batting: RHB Vincente Ramírez 0-0: Ball
1-0: Called Strike
1-1: Ball
2-1: SINGLE (Groundball, 6MD)
Batting: RHB Dennis Garner 0-0: Called Strike
Vincente Ramírez steals 2nd base
0-1: Foul Ball, location: 2F
0-2: Strikes out looking
Batting: RHB Terry Perkins 0-0: Called Strike
0-1: Ball
1-1: Swinging Strike
1-2: Ball
2-2: Ball
3-2: Base on Balls
Batting: LHB Johnny Foley 0-0: Called Strike
0-1: Foul Ball, location: 2F
0-2: Strikes out swinging
Batting: RHB Eugenio Maldonado 0-0: Ground out 6-3 (Groundball, 6)
Bottom of the 8th over - 0 run(s), 1 hit(s), 0 error(s), 2 left on base; Seattle 3 - Eau Claire 6
TOP OF THE 9TH
Seattle Rainiers batting - Pitching for Eau Claire Esquires : RHP Robinson Alomar
Pitching: LHP Adrian Bryant
Batting: RHB Rodrigo García 0-0: Ball
1-0: Called Strike
1-1: Foul Ball, location: 2F
1-2: Foul Ball, location: 2F
1-2: Foul Ball, location: 2F
1-2: Ball
2-2: Strikes out looking
Batting: LHB Alarico Sloet tot Everlo 0-0: Ball
1-0: Ground out 1-3 (Groundball, 13)
Batting: LHB Tom Craft 0-0: Called Strike
0-1: Ball
1-1: Swinging Strike
1-2: Ball
2-2: Ball
3-2: Base on Balls
Batting: SHB Eduardo Sánchez 0-0: Ball
1-0: Foul Ball, location: 2F
1-1: Called Strike
1-2: Strikes out swinging
Top of the 9th over - 0 run(s), 0 hit(s), 0 error(s), 1 left on base; Seattle 3 - Eau Claire 6
Thursday, March 30th, 2017 - OOTP Baseball 17.12 Build 75